Cogmind - Beta 14 @@@ ROGUE MODE // 2024.08.08 @ 12:07:20 Player: Benno Result: Destroyed by G-34 Mercenary with Small Laser Performance ------------- Evolutions (0) 0 Regions Visited (1) 200 Robots Destroyed (8) 40 Value Destroyed (180) 180 Prototype IDs (0) 0 Alien Tech Used (0) 0 Bonus (0) 0 TOTAL SCORE: 420 Bonus ------- None Cogmind --------- Core Integrity 0/250 Matter 278/300 Energy 63/100 System Corruption 0% Temperature Cool (6) Movement Walking (120) Location -10/Materials Parts ------- > --- POWER (1) -------- (None) > --- PROPULSION (2) --- Aluminum Leg > --- UTILITY (2) ------ (None) > --- WEAPON (2) ------- Light Assault Rifle Light Assault Rifle > --- INVENTORY (5) ---- Light Ion Engine Wheel Wheel Wheel Medium Laser Peak State ------------ > --- POWER ------------ Ion Engine > --- PROPULSION ------- Aluminum Leg Aluminum Leg > --- UTILITY ---------- Sensor Array > --- WEAPON ----------- Assault Rifle Light Assault Rifle > --- INVENTORY -------- Light Ion Engine Wheel Wheel Wheel Medium Laser [Rating: 6] Favorites ----------- Power Ion Engine Engine Ion Engine Propulsion Aluminum Leg Leg Aluminum Leg Utility Sensor Array Device Sensor Array Weapon Light Assault Rifle Energy Gun Medium Laser Ballistic Gun Light Assault Rifle Build | -11 -10 ------- Run | Yrd Mat Slots Evolved . | . . Power . | . . Propulsion . | . . Utility . | . . Weapon . | . . Parts Attached 11 | 6 5 Power 2 | 2 . Engine 2 | 2 . Core . | . . Reactor . | . . Propulsion 2 | 2 . Treads . | . . Leg 2 | 2 . Wheel . | . . Hover . | . . Flight . | . . Utility 1 | . 1 Device 1 | . 1 Storage . | . . Processor . | . . Hackware . | . . Protection . | . . Artifact . | . . Weapon 6 | 2 4 Energy Gun 1 | . 1 Energy Cannon . | . . Ballistic Gun 5 | 2 3 Ballistic Cannon . | . . Launcher . | . . Special Weapon . | . . Impact Weapon . | . . Slashing Weapon . | . . Piercing Weapon . | . . Special Melee Weapon . | . . Unidentified Prototypes . | . . Parts Lost 4 | . 4 Power 1 | . 1 Propulsion 1 | . 1 Utility 1 | . 1 Weapon 1 | . 1 Highest Loss Streak 4 | . 4 To Critical Strikes . | . . Average Slot Usage (%) 70 | . 70 Engine 11 | . 11 Leg 25 | . 25 Device 5 | . 5 Energy Gun 1 | . 1 Ballistic Gun 26 | . 26 Peak Build Rating 6 | 5 6 Average Rating 4 | 4 5 On Entrance 2 | . 5 Naked Turns . | . . Heaviest Build 9 | 8 9 Greatest Support 20 | 20 20 Greatest Overweight (x) . | . . Average Overweight (x) . | . . Largest Inventory Capacity 5 | 5 5 Average Capacity 5 | 5 5 Most Carried 5 | 5 5 Average Carried 4 | 2 4 Final Capacity 5 | 5 5 Final Carried 5 | 5 5 Class Distribution -------------------- 100% | Mutant Dominant Class ---------------- Mutant | -10/Materials Resources | -11 -10 ----------- Run | Yrd Mat Matter Collected 378 | 282 96 Remotely . | . . Salvage Created 215 | 59 156 Parts 11 | 4 7 Haulers Intercepted . | . . Recyclers Shooed . | . . Parts Field Recycled . | . . Retrieved Matter . | . . Parts Self-Destructed . | . . Prevented . | . . Kills | -11 -10 ------- Run | Yrd Mat Combat Hostiles Destroyed 7 | 1 6 Guns 7 | 1 6 Classes Destroyed 3 | 2 1 Worker 1 | 1 . Swarmer 3 | . 3 Grunt 4 | 1 3 Best Kill Streak 4 | 1 4 Combat Bots Only 4 | 1 4 Max Kills in Single Turn 1 | 1 1 Gunslinging . | . . Exploded . | . . Melee . | . . Uniques/NPCs Destroyed . | . . Combat | -11 -10 -------- Run | Yrd Mat Hostile Shots Fired 82 | 4 78 Missed 13 | 1 12 Damage Taken 706 | 32 674 Core 257 | 10 247 Absorbed by Shields . | . . Core Remaining (%) 96 | 96 . Volleys Fired 37 | 8 29 Largest 2 | 2 2 Hottest 70 | 40 70 Shots Fired 68 | 16 52 Gun 68 | 16 52 Cannon . | . . Launcher . | . . Special . | . . Kinetic 62 | 16 46 Thermal 6 | . 6 Explosive . | . . Electromagnetic . | . . Robot Hit Streak 8 | 3 8 Robot Miss Streak 2 | 2 2 Penetration Max . | . . Secondary Targets 1 | . 1 Max Gunslinging Chain 1 | . 1 Shots Hit Robots 45 | 8 37 Core Hits 16 | 3 13 Critical Kills . | . . Critical Parts Destroyed 1 | . 1 Critical Strikes 1 | . 1 Destroy 1 | . 1 Melee Attacks . | . . Impact . | . . Slashing . | . . Piercing . | . . Sneak Attacks . | . . Combat Hostiles . | . . Follow-up Attacks . | . . Damage Inflicted 469 | 79 390 Guns 469 | 79 390 Cannons . | . . Explosions . | . . Melee . | . . Ramming . | . . Kinetic 404 | 79 325 Thermal 65 | . 65 Explosive . | . . Electromagnetic . | . . Impact . | . . Slashing . | . . Piercing . | . . Highest Corruption . | . . Average Corruption . | . . Corruption Purged . | . . Corruption Blocked . | . . Overload Shots . | . . Overflow Damage . | . . Projectiles . | . . Explosions . | . . Melee . | . . Knockbacks . | . . Impact . | . . Kinetic . | . . Secondary . | . . Self-Inflicted Damage . | . . Shots . | . . Rammed . | . . Targets Rammed . | . . Kicked . | . . Crushed . | . . Highest Temperature 58 | 6 58 Average Temperature 25 | 6 26 Received Heat Transfer 288 | 18 270 Siege Activations . | . . Robots Corrupted . | . . Combat Hostiles . | . . Parts Fried . | . . Impact Corruptions . | . . Robots Melted . | . . Combat Hostiles . | . . Parts Melted 3 | . 3 Heat Transferred 185 | . 185 Parts Sabotaged . | . . Parts Stolen . | . . Parts Stripped . | . . Power Chain Reactions . | . . Alert | -11 -10 ------- Run | Yrd Mat Peak Influence 186 | 25 186 Initial 16 | . 16 Average 36 | 4 55 Maximum Alert Level . | . . Low Security (%) 100 | 100 100 Level 1 . | . . Level 2 . | . . Level 3 . | . . Level 4 . | . . Level 5 . | . . High Security . | . . Max Security . | . . Squads Dispatched 1 | . 1 Investigation 1 | . 1 Extermination . | . . Reinforcement . | . . Assault . | . . Garrison . | . . Intercept . | . . Searches Triggered . | . . Construction Impeded . | . . Haulers Reinforced . | . . Active Scanning Responses . | . . Cargo Convoy Interrupts . | . . Stealth | -11 -10 --------- Run | Yrd Mat Distress Signals . | . . Communications Jammed . | . . Distress Signals . | . . Times Spotted 13 | 1 12 Peak Tracking Total 5 | 1 5 Tactical Retreats 1 | . 1 Traps | -11 -10 ------- Run | Yrd Mat Traps Triggered 1 | . 1 Indirectly . | . . Trap Hack Attempts . | . . Triggered . | . . Disarmed . | . . Reprogrammed . | . . Reused . | . . Traps Extracted . | . . Installed . | . . Triggered . | . . Machines | -11 -10 ---------- Run | Yrd Mat Machines Disabled . | . . Max in Single Turn . | . . Machines Repaired . | . . Machines Dismantled . | . . Machines Sabotaged . | . . Overloaded Fab Kills . | . . Hacking | -11 -10 --------- Run | Yrd Mat Machines Accessed . | . . Terminals . | . . Fabricators . | . . Repair Stations . | . . Recycling Units . | . . Scanalyzers . | . . Garrison Access . | . . Total Hacks . | . . Successful . | . . Failed . | . . Catastrophic . | . . Database Lockouts . | . . Manual . | . . Terminals . | . . Fabricators . | . . Repair Stations . | . . Recycling Units . | . . Scanalyzers . | . . Garrison Access . | . . Terminal Hacks . | . . Fabricator Hacks . | . . Repair Station Hacks . | . . Recycling Unit Hacks . | . . Scanalyzer . | . . Garrison Access Hacks . | . . Unauthorized Hacks . | . . Terminals . | . . Fabricators . | . . Repair Stations . | . . Recycling Units . | . . Scanalyzers . | . . Garrison Access . | . . Data Cores Recovered . | . . Used . | . . Hacking Detections . | . . Full Trace Events . | . . Feedback Events . | . . Feedback Blocked . | . . Robot Schematics Acquired . | . . Robots Built . | . . Authchips . | . . Time . | . . Total Robot Build Rating . | . . Part Schematics Acquired . | . . Parts Built . | . . Authchips . | . . Time . | . . Total Part Build Rating . | . . Parts Repaired . | . . Time . | . . Parts Recycled . | . . Recycled Matter . | . . Retrieved Matter . | . . Retrieved Components . | . . Parts Scanalyzed . | . . Part Schematics Acquired . | . . Parts Damaged . | . . Bothacking | -11 -10 ------------ Run | Yrd Mat Used RIF Installer . | . . Robots Hacked . | . . Non-combat . | . . Combat . | . . Robot Hacks Applied . | . . Relay Couplers Released . | . . Fabnet Peak Effective % . | . . Robots Rewired . | . . Allies Hacked . | . . Hacks Repelled . | . . Allies | -11 -10 -------- Run | Yrd Mat Total Allies . | . . Largest Group . | . . Highest-Rated Group . | . . Highest-Rated Ally . | . . Total Orders . | . . Ally Attacks . | . . Total Damage . | . . Kills . | . . Allies Corrupted . | . . Allies Melted . | . . Intel | -11 -10 ------- Run | Yrd Mat Robot Analysis Total . | . . Derelict Logs Recovered . | . . Drone Launches . | . . Drone Recoveries . | . . Exploration | -11 -10 ------------- Run | Yrd Mat Turns Passed 451 | 167 284 Spaces Moved 266 | 137 129 Core 51 | 51 . Treads . | . . Legs 215 | 86 129 Wheels . | . . Hover . | . . Flight . | . . Fastest Speed 50 | 50 120 Average Speed 106 | 93 120 Slowest Speed 120 | 120 120 Overloaded Moves . | . . Propulsion Burnouts . | . . Robots Hopped . | . . Cave-ins Triggered . | . . Exploration Rate (%) 12 | 5 19 Regions Visited 1 Branch Regions . Pre-discovered Areas . | . . Known Exits Taken . | . . Unknown Exits Taken 1 | 1 . Scrap Searched . | . . Spaces Dug . | . . Terrain Destroyed . | . . Melee . | . . Projectile . | . . AOE . | . . Terrain Rammed . | . . Walls Destroyed . | . . Machines Disabled . | . . Actions | -11 -10 --------- Run | Yrd Mat Total 373 | 161 212 Wait 46 | . 46 Move 265 | 136 129 Hop . | . . Pick Up 11 | 10 1 Fast Attach 1 | . 1 Attach 6 | 5 1 Detach . | . . Swap 4 | 1 3 Drop 3 | 1 2 Fire 37 | 8 29 Melee . | . . Ram . | . . Kick . | . . Crush . | . . Escape Stasis . | . . Rewire . | . . Trap . | . . Miscellaneous . | . . Route ------- -11/Scrapyard -10/Materials History --------- Turn | Location | Event 2 | -11/Scrapyard | Met Revision 17 142 | -11/Scrapyard | Discovered new exit (range 8) 168 | -11/Scrapyard | Entered Materials 301 | -10/Materials | Build established: Mutant 412 | -10/Materials | Core integrity fell below 50% 416 | -10/Materials | Core integrity fell below 20% 440 | -10/Materials | Lost 4 parts (1p1n1u1w) 452 | -10/Materials | Destroyed by G-34 Mercenary with Small Laser Last Messages --------------- (Destroy). 00398_ Destroyed Imp. Heat Sink. 00403_ G-34 Mercenary destroyed. 00405_ Assault Rifle destroyed. 00408_ Aluminum Leg destroyed. 00408_ R-06 Scavenger collects Sml. Laser. 00409_ Ion Engine destroyed. 00409_ Critical hit (Burn: +37). 00413_ R-06 Scavenger collects Lgt. Assault Rifle. 00418_ Aluminum Leg melted. 00418_ G-47 Trooper destroyed. 00421_ S-10 Pest destroyed. 00432_ Flight Unit melted. 00432_ S-10 Pest destroyed. 00435_ Acquired 33 matter. 00436_ Acquired 46 matter. 00437_ Acquired 17 matter. 00442_ Acquired Lgt. Assault Rifle. 00447_ Dropped Lgt. Assault Rifle. Map ----- +----------------------------------------------------+ | ????????????????????????????????????????????? | | ????????????????????????????????????????????? | | ????????????????????????????????????????????? | | ????????????????????????????????????????????? | | ????????????????????????????????????????????? | | ????????????????????????????????????????????? | | ????????????????????????????????????????????? | | ????????????????????????????????????????????? | | ????????????????????????????????????????????? | | ????????????????????????????????????????????? | | ????????????????????? ????????????????????? | | ????????????????????? #???????????????????? | | ????????????????????? ##" ????????????????? | | ????????????????????? =|! ??????????????? | | ????????????????????? =| ????????????? | | ????????????????????? =| ????????????? | | ????????????????????? ????? ????? | | ????????????????????+ ] ?????" #???? | | ????????????????????# ??????? #???? | | ????????????????????# ??????? #???? | | ????????????????????# ??????? #???? | | ?????????????????#### r #??????? #???? | | ?????????????????? ? #??????? #???? | | ??????????????????? ?? #??????# #???? | | ?????????????????####g###?# #??????# #???? | | ?????????????????#% @%% #?# #??????# #???? | | ?????????????????# = ### #??????# #???? | | ?????????????????# = +% ######## #???? | | ?????????????????# "T" ### + # #???? | | ?????????????????# """ #?## # """ # #???? | | ?????????????????# /#??# # """ + #???? | | ?????????????????########??# + """ # #???? | | ???????????????????????????# # """ # #???? | | ???????????????????????????# # # #???? | | ???????????????????????????# ######## #???? | | ???????????????????????????# #??????# #???? | | ???????????????????????????# ######## #???? | | ????????????????########???# # + ##### | | ????????????????# ||| #???# # """ # | | ????????????????# || #???# # """ # | | ????????????????# || #???# # """ # ##### | | ????????????????# #???# # #####???? | | ????????????????# #???# # #???????? | | ????????????????# #???# ########???????? | | ????????############+###???# #??????????????? | | ????????# #### ###### #??????????????? | | ????????# """ + #??????????????? | | ????????# """ # ## ########??????????????? | | ????????# """ #+###+#####??????????????????? | | ????????# # #??????????????????? | +----------------------------------------------------+ Best States ------------- Heat Dissipation 25 Energy Generation 10 Energy Capacity 250 Matter Stores 300 Matter Capacity 300 Sight Range 16 Robot Scan Range 14 Terrain Scan Density 10 Evasion (%) 55 Item Schematics ----------------- None Robot Schematics ------------------ None Fabricated ------------ Nothing Alien Tech Used ----------------- None Achievements -------------- None Challenges ------------ None Game ------ Seed SpectralNetworkTerminator Manual? 0 Play Time 00:07:09 Cumulative 1.5 hours Start 2024.08.08 @ 12:02:49 End 2024.08.08 @ 12:07:20 Sessions 1 Manual Loads 0 Difficulty Rogue Special Mode None Game No. 3 Rogue 3 Adventurer 0 Explorer 0 Win Type - Total 0 Types 0/0/0/0/0/0/0/0/0 Lore% 5 Gallery% 3 Achievement% 10 Wizard Run 0 Options --------- Layout 1 ASCII 0 Keyboard 0 Movement Mouse Keybinds 0 Fullscreen 0 Font 18/Terminus Map View 50x50 Zoom Use 0% Tactical HUD 1 Map Filters NONE Filters NONE Steam 1 RUN: 4d7554a6-d773-4440-84c8-460b4266ac92